cohdb
Replays
Latest Replays
All Replays
Popular Replays
Top Player Replays
Match Explorer
How It Works
Community
CoH3 Stats
Reddit
Sign in to upload your games and track your stats! →
Sign in with Steam
Match 44320912
Unlisted
Match 44320912
Overview
Messages
Build Orders
End
Construct Barracks
Riflemen Squad
Riflemen Squad
Riflemen Squad
Grenade Package
Air Support Center
Construct Motor Pool
Engineer Squad
Engineer Squad
M8 Greyhound Armored Car
P-47 Strafing Run
M1 Anti-tank Gun Team
Construct Weapon Support Center
M3 Armored Personnel Carrier
.30 cal Machine Gun
M8 Greyhound Armored Car
P-47 Dive Bomb
Riflemen Squad
Grasshopper Recon Run
P-47 Strafing Run
Construct Tank Depot
M1 Anti-tank Gun Team
Selects Armored Battlegroup
Selects Assault Engineers
Selects Field Repairs
Selects War Machine
Selects Fast Deploy
Selects Seek and Destroy
Selects UNKNOWN (2160077)
P-47 Strafing Run
M4A3E8 Sherman Easy Eight
Grasshopper Recon Run
M1 Anti-tank Gun Team
P-47 Strafing Run
P-47 Dive Bomb
Grasshopper Recon Run
M4A3E8 Sherman Easy Eight
Riflemen Squad
Grasshopper Recon Run
P-47 Strafing Run
M1 Anti-tank Gun Team
P-47 Dive Bomb
Grasshopper Recon Run
P-47 Strafing Run
M4A3E8 Sherman Easy Eight
Arturokq
AL-QSSAM
OddBall_ESP
liquidshaker
0
0
Comments
sign in to comment!
No comments posted yet!